 Dungeon Crawl Stone Soup version 0.30-a0-632-g346586fe48 (webtiles) character file.

Game seed: 696448969316416838

1310 wormed the Trooper (level 8, -6/64 HPs)
             Began as a Djinni Fire Elementalist on Jan 14, 2023.
             Was an Initiate of Ashenzari.
             Killed by divine providence
             ... invoked by an orc priest
              (9 damage)
             ... on level 6 of the Dungeon.
             The game lasted 00:08:17 (5384 turns).

wormed the Trooper (Djinni Fire Elementalist)       Turns: 5384, Time: 00:08:18

Health: -6/64      AC:  5    Str:  7    XL:     8   Next: 88%
Gold:   196        EV: 28    Int: 19    God:    Ashenzari [......] SH:  0 Dex: 14

rFire   + + .      SeeInvis .    m - +2 dagger (venom)
rCold   x . .      Faith    .    (no shield)
rNeg    . . .      Spirit   .    p - +2 robe {Will+}
rPois   ∞          Reflect  .    (no helmet)
rElec   .          Harm     .    s - +0 cloak "Circumscribed Seer" {Cun, Self} (curse)
rCorr   +          Rampage  .    (no gloves)
Will    +....                    (boots unavailable)
Stlth   +                        j - amulet of the acrobat
HPRegen 0.30/turn                f - ring of resist corrosion
MPRegen 0.00/turn                (no ring)

@: confused, ambrosia-drunk, acrobatic, flying
A: sickness immunity, fire resistance 2, cold vulnerability 1, float, innate
caster, HP casting, extra vitality 1
a: Renounce Religion, Shatter the Chains


You were on level 6 of the Dungeon.
You worshipped Ashenzari.
Ashenzari was noncommittal.
You visited 2 branches of the dungeon, and saw 7 of its levels.

You collected 196 gold pieces.

Inventory:

Hand Weapons
 m - a +2 dagger of venom (weapon)
Armour
 a - a +0 robe
 l - the +8 orange crystal plate armour {Archmagi, Int+3 Clar}
   (You acquired it on level 3 of the Dungeon)

   Int:       It affects your intelligence (+3).
   Clar:      It protects you against confusion.
 p - a +2 robe of willpower (worn)
 s - the cursed +0 cloak "Circumscribed Seer" (worn) {Cun, Self}
   (You took it off Crazy Yiuf on level 4 of the Dungeon)

   It has a curse which improves the following skills: Cunning: Dodging and
   Stealth.
   Introspection: Fighting and Spellcasting.
Jewellery
 f - a ring of resist corrosion (left hand)
 j - an amulet of the acrobat (around neck)
Wands
 n - a wand of flame (4)
Scrolls
 b - a scroll of identify
 q - 3 scrolls of magic mapping
 t - 2 scrolls of teleportation
 u - a scroll of enchant armour {unknown}
 v - 3 scrolls of enchant weapon {unknown}
Potions
 c - 2 potions of lignification
 d - 3 potions of ambrosia
 e - 2 potions of curing
 g - 2 potions of berserk rage
 h - a potion of mutation {unknown}
 i - a potion of degeneration {unknown}
 k - a potion of attraction {unknown}
 o - 2 potions of might {unknown}
 r - a potion of haste {unknown}


   Skills:
 * Level 6.7(7.1) Fighting
 + Level 3.1(3.4) Dodging
 + Level 2.2(2.6) Stealth
 * Level 5.8(6.2) Spellcasting


You couldn't memorise any spells.
You knew the following spells:

 Your Spells              Type           Power      Damage    Failure   Level
a - Foxfire               Conj/Fire      100%       2x1d9     1%          1
b - Scorch                Fire           58%        2d7       1%          2
c - Kindle Blastsparks    Fire/Tloc/Air  58%        2d14      2%          3
d - Inner Flame           Hex/Fire       29%        N/A       2%          3
e - Flame Wave            Conj/Fire      29%        2d9       9%          4
f - Shock                 Conj/Air       100%       1d9       1%          1
g - Call Imp              Summ           29%        N/A       1%          2
h - Lesser Beckoning      Tloc           58%        N/A       2%          3
Your spell library was empty.

Dungeon Overview and Level Annotations

Branches:
Dungeon (6/15)             Temple (1/1) D:4

Altars:
Ashenzari
Dithmenos
Elyvilon
Fedhas
Gozag
Nemelex Xobeh
Okawaru
Qazlal
Ru
Trog
Wu Jian
Xom
Yredelemnul
Zin
The Shining One

Shops:
D:4 *


Innate Abilities, Weirdness & Mutations

You are immune to sickness and miasma.
You are immune to poison.
Your flesh is very heat resistant. (rF++)
You are vulnerable to cold. (rC-)
You float through the air rather than walking.
You learn spells naturally, not from books.
Your magical power is your life essence.
You have superior vitality. (+4 MHP)


Message History

Casting: Scorch (safe; 1% risk of failure)
Confirm with . or Enter, or press ? or * to list all spells.
Flames lash the orc but do no damage.
You hear a shout!
The orc wizard points at you and mumbles some strange words.
The puff of flame hits you. You resist.
Casting: Scorch (safe; 1% risk of failure)
Confirm with . or Enter, or press ? or * to list all spells.
Flames lash the orc wizard.
The orc wizard is burned terribly!
You kill the orc wizard!
An orc priest comes into view. It is wielding a +0 war axe.
The white imp gestures at you. The puff of frost hits you!!
You feel a terrible chill!
* * * LOW HITPOINT WARNING * * *
The orc hits you with a +0 dagger.
* * * LOW HITPOINT WARNING * * *
Casting: Scorch (safe; 1% risk of failure)
Confirm with . or Enter, or press ? or * to list all spells.
Flames lash the orc.
You kill the orc!
* * * LOW HITPOINT WARNING * * *
Casting: Scorch (safe; 1% risk of failure)
Confirm with . or Enter, or press ? or * to list all spells.
Flames lash the orc.
You kill the orc!
* * * LOW HITPOINT WARNING * * *
The white imp gestures at you. The puff of frost hits you!
You feel a terrible chill!
* * * LOW HITPOINT WARNING * * *
Casting: Scorch (safe; 1% risk of failure)
Confirm with . or Enter, or press ? or * to list all spells.
You don't have enough health to cast this spell.
You are confused.
You feel invigorated. The white imp gestures at you.
The puff of frost hits you!
You feel a terrible chill!
* * * LOW HITPOINT WARNING * * *
The orc priest mumbles some strange prayers to Beogh against you.
Beogh smites you!
You die...

..####### #.......#
#.......####
#.........!
#........#
#........###
########...........
#.)....#...@)......
#.####.#.....5)o...
#.# #.............
#.# #.......[......
#.# #..............
######.#
#.....#########
....##.# #.....#
.##.##.# #......
..#.##.# #.......


You could see an orc priest and a white imp.

Vanquished Creatures
  Sigmund (D:4)
  Menkaure (D:4)
  A black bear (D:6)
  An ogre (D:6)
  A phantom (D:6)
  A kobold brigand (D:5)
  A bullfrog (D:6)
  A scorpion (D:5)
  A jelly (D:5)
  3 hounds (D:5)
  3 orc priests
  Crazy Yiuf (D:4)
  5 orc wizards
  8 adders
  A white imp (D:5)
  An ufetubus (D:6)
  5 worms
  2 dart slugs
  22 orcs
  2 ball pythons (D:3)
  7 endoplasms
  2 giant cockroaches
  9 goblins
  8 hobgoblins
  8 jackals
  14 kobolds
  4 quokkas
  5 bats
  2 frilled lizards (D:2)
  8 rats
129 creatures vanquished.

Vanquished Creatures (collateral kills)
  4 foxfires (D:1)
4 creatures vanquished.

Vanquished Creatures (others)
  75 foxfires
  2 plants
77 creatures vanquished.

Grand Total: 210 creatures vanquished

Notes
Turn   | Place    | Note
-------+----------+-------------------------------------------
     0 | D:1      | wormed the Djinni Fire Elementalist began the quest for the
                  | Orb.
     0 | D:1      | wormed set off with the following spells memorised:
                  | Foxfire, Scorch, Kindle Blastsparks, Inner Flame, Flame
                  | Wave.
     0 | D:1      | Reached XP level 1. HP: 15/15 MP: 0/0
   306 | D:1      | Reached XP level 2. HP: 20/22 MP: 0/0
   307 | D:1      | Reached skill level 1 in Fighting
   645 | D:1      | Reached XP level 3. HP: 25/27 MP: 0/0
   645 | D:1      | Learned a level 1 spell: Shock
   973 | D:2      | Reached skill level 2 in Fighting
  1074 | D:2      | Reached XP level 4. HP: 27/33 MP: 0/0
  2050 | D:3      | Found a faded altar of an unknown god.
  2118 | D:3      | Reached XP level 5. HP: 37/40 MP: 0/0
  2118 | D:3      | Learned a level 2 spell: Call Imp
  2360 | D:3      | Reached skill level 3 in Fighting
  2701 | D:3      | Identified a scroll of acquirement
  2701 | D:3      | Acquired the +8 orange crystal plate armour {Archmagi,
                  | Int+3 Clar}
  2701 | D:3      | Found the +8 orange crystal plate armour {Archmagi, Int+3
                  | Clar}
  2874 | D:4      | Found Xinko's Assorted Antiques.
  3077 | D:4      | Found a runed translucent door.
  3078 | D:4      | Noticed Crazy Yiuf
  3136 | D:4      | Noticed Menkaure
  3149 | D:4      | Killed Menkaure
  3150 | D:4      | Reached skill level 4 in Fighting
  3150 | D:4      | Reached XP level 6. HP: 37/47 MP: 0/0
  3216 | D:4      | Noticed Sigmund
  3222 | D:4      | Killed Sigmund
  3223 | D:4      | Reached XP level 7. HP: 44/53 MP: 0/0
  3223 | D:4      | Learned a level 3 spell: Lesser Beckoning
  3257 | D:4      | Found a staircase to the Ecumenical Temple.
  3299 | Temple   | Entered the Ecumenical Temple
  3689 | D:4      | Found a broken altar of Ashenzari.
  3794 | D:4      | Became a worshipper of Ashenzari the Shackled
  3893 | D:4      | Killed Crazy Yiuf
  3996 | D:5      | Entered Level 5 of the Dungeon
  4003 | D:5      | Reached skill level 5 in Fighting
  4218 | D:5      | Found a blossoming altar of Fedhas.
  4218 | D:5      | Found an opulent altar of Gozag.
  4330 | D:5      | Reached skill level 5 in Spellcasting
  4399 | D:5      | Reached XP level 8. HP: 38/61 MP: 0/0
  4573 | D:5      | Reached skill level 6 in Fighting
  5382 | D:6      | HP: 2/64 [white imp/puff of frost (7)]
  5384 | D:6      | Killed from afar by an orc priest

Illustrated notes

Levels and vault maps discovered:
D:1:      dpeg_arrival_arbitrary_c, layout_basic, fountainhead,
          supply_closet_lemuel, serial_bayou_lake_a
D:2:      layout_basic, minmay_misc_feat_tiny, minmay_liquid_box,
          chequers_serial_rivers_large_b, minmay_misc_feat_x,
          minmay_pentomino_q2
D:3:      layout_basic, hellmonk_ecumenical_altar_blasted, minmay_misc_feat_rows
D:4:      cheibrodos_helix_gallery, layout_loops_cross,
          mainiacjoe_overflow_concentric_impassable,
          ashenzari_conservatory_becter, temple_green, serial_shops,
          nicolae_shop_overgrown_old_shop, uniq_sigmund, uniq_menkaure,
          uniq_crazy_yiuf_cottage
D:5:      layout_gridville, gammafunk_temple_overflow_elements
D:6:      layout_basic, grunt_temple_overflow_cloverleaf,
          mrwooster_statue_mirror
Temple:   eino_temple_water

Skill      XL: |  1  2  3  4  5  6  7  8 |
---------------+-------------------------+-----
Fighting       | 1 2 4 5 6 |  6.7
Spellcasting   | 3 4 5 |  5.8
Stealth        | 2 |  2.2
Dodging        | 3 |  3.1

Action                   |  1- 3 |  4- 6 |  7- 9 || total
-------------------------+-------+-------+-------++-------
Melee: Dagger            |    14 |     1 |     4 ||    19
 Cast: Foxfire           |    42 |     5 |       ||    47
       Scorch            |     3 |    75 |    90 ||   168
       Kindle Blastspark |       |     2 |       ||     2
Invok: Curse Item        |       |       |     1 ||     1
  Use: Scroll            |     2 |     4 |     5 ||    11
       Potion            |       |       |     1 ||     1
 Stab: Sleeping          |     2 |       |       ||     2
       Distracted        |     1 |       |       ||     1
Armor: Robe              |     3 |     4 |    14 ||    21
Dodge: Dodged            |    13 |    14 |    16 ||    43

Table legend: (Time is in decaauts)
 A = Elapsed time spent in this place.
 B = Non-inter-level travel time spent in this place.
 C = Inter-level travel time spent in this place.
 D = Time resting spent in this place.
 E = Time spent auto-exploring this place.
 F = Levels seen in this place.
 G = Mean time per level.
                   A        B        C        D        E       F      G
               +--------+--------+--------+--------+--------+-----+--------+
         Total |   5381 |   5119 |    262 |      0 |   4396 |   7 |  768.7 |
       Dungeon |   5108 |   4858 |    250 |      0 |   4183 |   6 |  851.3 |
        Temple |    273 |    261 |     12 |      0 |    213 |   1 |  273.0 |
               +--------+--------+--------+--------+--------+-----+--------+

Top non-repeatable levels by time:
     D:5: 1120 daAuts
     D:2: 1072 daAuts
     D:4: 982 daAuts
     D:1: 857 daAuts
     D:3: 808 daAuts
  Temple: 273 daAuts
     D:6: 266 daAuts
